 Dungeon Crawl Stone Soup version 0.17.0-26-gececa24 (webtiles) character file.

14373006 SaintRoka the Intangible (level 27, 249/249 HPs)
             Began as a Merfolk Wanderer on Nov 19, 2015.
             Was the Champion of the Shining One.
             Escaped with the Orb
             ... and 15 runes on Nov 20, 2015!
             The game lasted 06:32:30 (110317 turns).

SaintRoka the Intangible (Merfolk Wanderer)       Turns: 110317, Time: 06:32:30

Health: 249/249    AC: 52    Str: 26    XL:     27
Magic:  28/36      EV: 36    Int: 17    God:    the Shining One [******]
Gold:   13475      SH:  0    Dex: 27    Spells: 9 memorised, 11 levels left

rFire  + + .     SeeInvis .     a - +9 bardiche (holy)
rCold  + . .     Clarity  .     w - +12 gold dragon armour
rNeg   + + +     SustAt   .     (shield currently unavailable)
rPois  +         Gourm    .     C - +2 hat {MR+}
rElec  .         Spirit   .     Q - +2 cloak {+Inv}
rCorr  .         Warding  .     X - +2 pair of gloves of Absence {rF+}
rMut   +         Stasis   .     A - +2 pair of boots {Stlth+}
MR     +++++                    z - amulet of resist mutation
Stlth  ..........               V - ring "Sifa" {EV+2 Str+5 Dex+7}
                                G - ring of the Mage {Wiz MR++ Int+3}

@: agile, very slightly contaminated, hasted, glowing, very quick, almost
entirely resistant to hostile enchantments, extremely unstealthy
A: change form in water, swift swim, low mp 1
a: Divine Shield, Cleansing Flame, Summon Divine Warrior, Renounce Religion,
Evoke Invisibility
0: Orb of Zot
}: 15/15 runes: barnacled, slimy, silver, golden, iron, obsidian, icy, bone,
abyssal, demonic, glowing, magical, fiery, dark, gossamer


You escaped.
You worshipped the Shining One.
The Shining One was exalted by your worship.
You were very full.

You visited 18 branches of the dungeon, and saw 95 of its levels.
You visited Pandemonium 4 times, and saw 41 of its levels.
You visited the Abyss 2 times.
You visited 1 ziggurat, and saw 4 of its levels.
You also visited: Bailey and Ice Cave.

You collected 17934 gold pieces.
You spent 4459 gold pieces at shops.

Inventory:

Hand Weapons
 a - a +9 bardiche of holy wrath (weapon)
Missiles
 n - 32 javelins of penetration
 F - 17 silver javelins
 K - 30 javelins of returning (quivered)
 U - 2 throwing nets
Armour
 o - a +2 pair of boots of flying
 p - the +0 hat of the Trilobite {rF+}
   (You acquired it in Pandemonium)

   It protects you from fire.
 w - a +12 gold dragon armour (worn)
 A - a +2 pair of boots of stealth (worn)
 C - a +2 hat of magic resistance (worn)
 Q - a +2 cloak of invisibility (worn)
 X - the +2 pair of gloves of Absence (worn) {rF+}
   (You acquired it in Pandemonium)

   It protects you from fire.
Jewellery
 b - an uncursed amulet of resist corrosion
 e - the ring "Uprofyle" {SustAt rElec rPois}
   (You found it on level 3 of the Elven Halls)

   [ring of sustain attributes]

   It sustains your strength, intelligence and dexterity.
   It insulates you from electricity.
   It protects you from poison.
 i - the amulet of Vitality {Regen+ HP+15}
   (You found it on level 14 of the Dungeon)

   [amulet of regeneration]

   It affects your health (+15).
   It increases your rate of regeneration.
 k - the ring "Zettuc Hudo" {rElec rPois rN+ Stlth+}
   (You found it on level 1 of the Realm of Zot)

   [ring of positive energy]

   It insulates you from electricity.
   It protects you from poison.
   It protects you from negative energy.
   It makes you more stealthy.
 x - an uncursed ring of teleportation
 z - an amulet of resist mutation (around neck)
 G - the ring of the Mage (left hand) {Wiz MR++ Int+3}
   (You found it on level 3 of the Tomb of the Ancients)

   [ring of wizardry]

   It improves your spell success rate.
   It affects your intelligence (+3).
   It affects your resistance to hostile enchantments.
 M - the amulet "Quleit" {Spirit rF+ Int+7 Dex-2}
   (You found it on level 1 of the Vaults)

   [amulet of guardian spirit]

   It causes incoming damage to be split between your health and magic.
   It affects your intelligence (+7).
   It affects your dexterity (-2).
   It protects you from fire.
 P - the ring "Uxzeitast" {+Fly rPois}
   (You took it off a kobold demonologist on level 3 of the Abyss)

   [ring of flight]

   It protects you from poison.
   It lets you fly.
 S - the ring of Twilight {Wiz rC++ Str-2}
   (You found it on level 3 of the Elven Halls)

   [ring of wizardry]

   It improves your spell success rate.
   It affects your strength (-2).
   It greatly protects you from cold.
 V - the ring "Sifa" (right hand) {EV+2 Str+5 Dex+7}
   (You bought it in a shop on level 13 of the Dungeon)

   [ring of evasion]

   It affects your evasion (+2).
   It affects your strength (+5).
   It affects your dexterity (+7).
 W - an uncursed amulet of rage
 Z - the ring "Qidwokac" {rF- AC+2 Int+4 Slay+2}
   (You found it on level 3 of the Tomb of the Ancients)

   [ring of protection]

   It affects your AC (+2).
   It affects your intelligence (+4).
   It affects your accuracy and damage with ranged weapons and melee attacks
   (+2).
   It makes you vulnerable to fire.
Wands
 j - a wand of heal wounds (6)
 m - a wand of teleportation (3)
 s - a wand of disintegration (7)
 t - a wand of hasting (4)
 u - a wand of hasting (4)
 E - a wand of teleportation (3)
 J - a wand of digging (12)
Scrolls
 v - 2 scrolls of holy word
 y - 16 scrolls of recharging
 B - 26 scrolls of remove curse
 D - 6 scrolls of identify
 I - 5 scrolls of blinking
 N - 2 scrolls of summoning
 O - 18 scrolls of fog
 R - a scroll of magic mapping
 T - 2 scrolls of silence
Potions
 c - 16 potions of curing
 d - a potion of heal wounds
 g - 5 potions of cancellation
 h - 3 potions of berserk rage
 r - 8 potions of magic
 H - 4 potions of cure mutation
 L - 3 potions of agility
 Y - a potion of haste
Comestibles
 f - 16 bread rations
 q - 16 meat rations


   Skills:
 O Level 27 Fighting
 - Level 26.8 Polearms
   Level 0.1(11.9) Staves
 + Level 26.9 Throwing
 + Level 26.2 Armour
 O Level 27 Dodging
 - Level 3.5 Stealth
   Level 1.0 Shields
 - Level 1.4 Unarmed Combat
 - Level 5.2 Spellcasting
 - Level 2.0 Summonings
   Level 0.1 Necromancy
   Level 1.1 Poison Magic
 O Level 27 Invocations
 - Level 10.0 Evocations


You had 11 spell levels left.
You knew the following spells:

 Your Spells              Type           Power        Failure   Level  Hunger
a - Summon Ice Beast      Ice/Summ       #.......     99%         4    ####...
b - Summon Butterflies    Summ           ##......     22%         1    None
c - Apportation           Tloc           #.........   61%         1    None
d - Swiftness             Chrm/Air       #.......     78%         2    #......
e - Portal Projectile     Tloc           #.....       95%         3    ###....
g - Passage of Golubria   Tloc           N/A          100%        4    ####...
h - Phase Shift           Tloc           #.........   100%        5    ######.
i - Spectral Weapon       Hex/Chrm       #.......     95%         3    ###....
j - Song of Slaying       Chrm           #.......     78%         2    #......


Dungeon Overview and Level Annotations

Branches:
Dungeon (15/15)            Temple (1/1) D:4            Lair (8/8) D:9
 Shoals (4/4) Lair:6       Spider (4/4) Lair:5        Slime (6/6) Lair:8
    Orc (4/4) D:10            Elf (3/3) Orc:4        Vaults (5/5) D:14
  Crypt (3/3) Vaults:3       Tomb (3/3) Crypt:3      Depths (5/5) D:15
   Hell (1/1)                 Dis (7/7) Hell            Geh (7/7) Hell
    Coc (7/7) Hell            Tar (7/7) Hell            Zot (5/5) Depths:5

Altars:
Ashenzari
Cheibriados
Dithmenos
Elyvilon
Fedhas
Gozag
Kikubaaqudgha
Makhleb
Nemelex Xobeh
Okawaru
Qazlal
Ru
Sif Muna
Trog
Vehumet
Xom
Yredelemnul
Zin
The Shining One
Beogh

Shops:
D:5 }[   D:12 [   D:13 [=}*   Orc:4 :!%(   Elf:3 [   Shoals:1 %   Vaults:4 }
Vaults:5 ?   Depths:2 ?

Portals:
Hell: Depths:1 Depths:2 Depths:3 Depths:4 Depths:5
Abyss: Depths:4 Depths:5
Pandemonium: Depths:1 Depths:3 Depths:5
Trove: Depths:1 (give 18 potions of curing)

Annotations:
D:9 exclusions: ice statue and obsidian statue
Elf:2 3 runed doors
Depths:1 1 runed door
Depths:4 exclusion: obsidian statue
Depths:5 1 exclusion
Zot:2 1 exclusion
Zot:3 1 exclusion
Zot:4 1 exclusion


Innate Abilities, Weirdness & Mutations

You revert to your normal form in water.
You are very nimble and swift while swimming.
Your magical capacity is low (-10% MP).


Message History

You completely miss the lorocyproca.
Unknown command.
You slash the lorocyproca!
The lorocyproca convulses!!
The lorocyproca completely misses you.
You slice the lorocyproca!!
The lorocyproca convulses!!
You kill the lorocyproca!
The Shining One accepts your kill.
You hear a grinding noise.
You hear a grinding noise.
There is a staircase leading out of the dungeon here.
Drink which item? (? for menu, Esc to quit)
You feel agile all of a sudden.
Unknown command.
Unknown command.
You are momentarily dazzled by a brilliant light.
You feel somewhat less full.
Unknown command.
Unknown command.
Unknown command.
You have escaped!

#............#### #...........
#...............## #...........
#####...###..##..####...........
#...#............).......... ##
#.....♣♣♣♣♣♣♣♣♣4.4.......###
.#####.....♣PP..PP..♣.......#.# #
.........#.♣PP..P.4.♣...†...#.# #
.........#.♣..PP...P♣.......#.# #
......####.♣..P.@.PP♣......(..# #
......####.♣PP.A.P..♣..#####..###
........#..♣P...PP..♣.## #...##
...#.......♣...P..PP♣.# #.1.##
........##.♣..PP..PP♣.# ##...#
........##..♣♣♣♣♣♣♣♣♣.# #...#
.......###...)........########...
.......########.######...........
.......#............##.#######...


You could see 2 hellwings and a friendly angel.

Vanquished Creatures
  Cerebov (Pan)
  Asmodeus (Geh:7)
  the royal jelly (Slime:6)
  the Serpent of Hell (Coc:7)
  A seraph (Pan)
  Mnoleg (Pan)
  Lom Lobon (Pan)
  Dispater (Dis:7)
  2 orbs of fire (Zot:5)
  5 ancient liches
  Mara (Vaults:4)
  Mennas (Vaults:4)
  12 pandemonium lords
  10 greater mummies
  Sojobo (Crypt:1)
  Boris (twice) (Crypt:1 Crypt:2)
  Margery (Depths:3)
  Saint Roka (Elf:3)
  3 Killer Klowns (Zot:5)
  2 curse toes
  4 shard shrikes (Coc:7)
  2 caustic shrikes (shapeshifter) (Depths:4)
  Geryon (Hell)
  4 golden dragons
  Nikola (Vaults:1)
  A pearl dragon (Pan)
  Jory (Depths:3)
  A profane servitor (Crypt:3)
  7 bone dragons
  2 electric golems (Zot:5)
  17 Brimstone Fiends
  20 Ice Fiends
  10 Hell Sentinels
  19 tentacled monstrosities
  Rupert (D:12)
  8 liches
  A hellephant (Abyss:3)
  3 quicksilver dragons
  22 Orb Guardians (Zot:5)
  7 deep elf blademasters
  7 deep elf master archers
  13 titans
  30 acid blobs
  10 Shadow Fiends
  2 eldritch tentacles
  An acid blob (shapeshifter) (Vaults:5)
  Polyphemus (Shoals:4)
  The ghost of Dustman the Severer, an adept HuFi of Sif Muna (Depths:2)
  3 ancient champions
  A kraken (Shoals:3)
  An octopode crusher (Shoals:2)
  4 sphinxes
  4 warmongers (Pan)
  6 tentacled starspawn (Abyss:3)
  Agnes (Spider:4)
  34 Executioners
  12 tengu reavers
  8 shadow dragons
  Frances (Elf:1)
  7 death cobs
  9 storm dragons
  8 azure jellies
  3 draconian monks
  16 daevas (Pan)
  An azure jelly (shapeshifter) (Depths:4)
  Ilsuiw (Shoals:4)
  Wiglaf (Crypt:1)
  45 balrugs
  16 frost giants
  9 ghost moths
  14 fire giants
  9 revenants
  Donald (Shoals:2)
  16 vault wardens
  Maud (D:12)
  2 draconian knights
  5 chaos champions (Pan)
  8 deep elf sorcerers
  5 black suns (Pan)
  2 draconian shifters
  Aizul (Spider:3)
  8 iron dragons
  Louise (D:14)
  33 cacodemons
  2 draconian scorchers (Zot:2)
  3 curse skulls
  4 draconian zealots
  A spriggan defender (Depths:3)
  5 emperor scorpions
  9 war gargoyles
  4 ghouls
  4 draconian annihilators
  20 ironheart preservers
  25 angels (Pan)
  16 very ugly things
  53 reapers
  4 bennus
  16 apis
  3 vampire knights
  A draconian caller (Zot:2)
  3 elemental wellsprings (Coc:7)
  15 ophanim (Pan)
  27 stone giants
  6 black draconians
  11 deep elf demonologists
  A dire elephant (D:15)
  6 salamander firebrands
  13 green draconians
  11 red draconians
  9 mottled draconians
  5 corrupters (Pan)
  A spectral titan (Crypt:3)
  12 deep elf annihilators
  5 purple draconians
  24 yellow draconians
  9 blood saints (Pan)
  7 salamander stormcallers
  6 white draconians
  A dire elephant (shapeshifter) (Depths:4)
  18 lorocyprocas
  9 merfolk javelineers (Shoals:4)
  17 ettins
  12 fire dragons
  13 deep elf death magi
  35 blizzard demons
  12 crystal guardians (Depths:4)
  12 green deaths
  5 merfolk impalers
  3 eidola
  4 quicksilver dragon zombies
  23 mummy priests
  13 yaktaur captains
  14 jiangshi
  6 deep elf high priests
  7 entropy weavers
  Erolcha (Orc:2)
  8 death oozes
  2 kraken zombies
  2 quicksilver dragon skeletons
  13 great orbs of eyes
  11 rakshasas
  37 vault guards
  2 spriggan air magi
  4 monstrous demonspawn (Pan)
  21 ice dragons
  12 hydras
  A ghost crab (Crypt:2)
  9 ogre magi
  6 hell beasts
  4 merfolk avatars
  An alligator snapping turtle (Shoals:4)
  16 centaur warriors
  15 dancing weapons
  A catoblepas (Shoals:4)
  11 tengu warriors
  24 death yaks
  4 spriggan berserkers
  7 merfolk aquamancers
  4 vampire magi
  6 death knights
  5 deep troll earth magi
  An orc high priest (Elf:1)
  5 titan zombies
  Urug (Vaults:3)
  26 soul eaters
  5 deep troll shamans
  11 thrashing horrors (Abyss:3)
  16 hell hogs
  An iron golem (Dis:6)
  Nergalle (Lair:1)
  4 storm dragon zombies
  58 sun demons
  18 deep elf knights
  4 titan skeletons
  6 wretched stars
  32 hell knights
  127 skeletal warriors
  3 fire crabs
  The ghost of dorian the Arsonist, a novice OpFE of Vehumet (D:8)
  13 sea snakes
  6 spatial maelstroms
  2 death drakes (Zig:4)
  An iron troll (shapeshifter) (Depths:4)
  A fire crab (shapeshifter) (Elf:1)
  10 cherubim (Pan)
  6 iron trolls (Dis:7)
  4 golden dragon zombies
  32 death scarabs
  10 infernal demonspawn
  2 ball lightnings
  2 salamander mystics
  4 storm dragon skeletons
  7 giant orange brains
  43 ice devils
  6 hill giants
  A giant orange brain (shapeshifter) (Depths:4)
  17 shadow wraiths
  13 flayed ghosts
  11 gelid demonspawn (Pan)
  22 small abominations
  A naga ritualist (Zig:3)
  33 deep trolls
  4 golden dragon skeletons
  6 anaconda zombies
  10 putrid demonspawn
  37 wizards
  10 deep elf summoners
  3 obsidian statues (Depths:4)
  An orange crystal statue (Zig:4)
  14 shadow demons
  A kraken simulacrum (Coc:2)
  4 anubis guards
  An anubis guard (shapeshifter) (Vaults:4)
  4 shadow dragon zombies
  Pikel (D:7)
  19 ironbrand convokers
  10 torturous demonspawn (Pan)
  4 unseen horrors
  3 anaconda skeletons
  2 hill giants (shapeshifter) (Depths:4)
  2 mana vipers
  2 tengu zombies (Depths:2)
  A swamp dragon (Zig:4)
  2 harpies (shapeshifter)
  23 orc knights
  6 wolf spider zombies
  13 phantasmal warriors
  20 deep elf conjurers
  23 griffons
  29 ugly things
  5 orb spiders
  12 iron dragon zombies
  22 harpies
  3 oklob plants (Zot:2)
  5 human zombies
  5 hornets
  12 cyclopes
  4 stone giant zombies
  19 wolf spiders
  4 orc sorcerers
  18 manticores
  22 necromancers
  5 fire giant zombies
  A shadow dragon skeleton (Tar:4)
  5 frost giant zombies
  20 vault sentinels
  29 sixfirhies
  A shining eye (shapeshifter) (Vaults:5)
  10 sirens
  A sphinx skeleton (Crypt:2)
  3 apocalypse crabs (Abyss:3)
  A shining eye (Slime:3)
  7 fauns
  An octopode (shapeshifter) (Spider:4)
  2 iron dragon skeletons
  22 elephants
  9 stone giant skeletons
  3 fire giant skeletons
  A guardian serpent (shapeshifter) (D:14)
  24 rust devils
  4 frost giant skeletons
  20 moths of wrath
  6 water nymphs
  6 salamanders
  2 dire elephant zombies
  Maurice (D:10)
  30 orange demons
  A centaur zombie (D:14)
  12 molten gargoyles
  2 eyes of devastation
  4 worldbinders (Abyss:3)
  2 guardian serpents (Spider:4)
  2 shock serpent zombies
  4 ice statues
  2 gargoyles
  3 torpor snails
  A shock serpent skeleton (Coc:4)
  A spiny frog (shapeshifter) (Abyss:3)
  Psyche (D:9)
  3 titan simulacra
  7 spectral swamp worms (Tar:7)
  4 black mambas
  37 smoke demons
  A storm dragon simulacrum (Coc:7)
  27 spiny frogs
  3 catoblepas zombies
  24 hellions
  A naga mage (Zig:3)
  A dire elephant skeleton (Tar:1)
  31 yaktaurs
  2 alligator snapping turtle skeletons (Coc:4)
  3 kobold demonologists
  2 yaktaurs (shapeshifter)
  17 hellwings
  11 efreet
  3 emperor scorpion zombies
  22 demonic crawlers
  2 fire drakes
  A fire drake (shapeshifter) (Depths:3)
  9 tengu conjurers
  4 anaconda simulacra
  A yaktaur skeleton (Vaults:3)
  10 hydra zombies
  8 komodo dragons
  40 tormentors
  A catoblepas skeleton (Tar:7)
  9 ancient zymes (Abyss:3)
  33 blue devils
  2 golden dragon simulacra (IceCv)
  27 merfolk
  12 deep elf priests
  2 minotaur zombies
  2 harpy zombies
  A wind drake (shapeshifter) (Depths:4)
  43 guardian mummies
  A polar bear (Spider:4)
  A troll (shapeshifter) (D:14)
  64 red devils
  26 jumping spiders
  2 giant leeches (Lair:8)
  3 silent spectres (Tar:7)
  62 slime creatures
  A tengu simulacrum (Vaults:2)
  A merfolk (shapeshifter) (Vaults:1)
  Prince Ribbit (D:6)
  8 hydra skeletons
  2 raiju (shapeshifter)
  18 two-headed ogres
  19 wind drakes
  3 boulder beetles (Vaults:3)
  16 trolls
  33 freezing wraiths
  5 snapping turtles
  3 alligator zombies
  14 ushabtiu
  8 fire dragon zombies
  9 ettin zombies
  9 air elementals
  6 ice dragon zombies
  22 raiju (Abyss:3)
  22 ynoxinuls
  A frost giant simulacrum (Vaults:3)
  126 flying skulls
  A spriggan (Spider:3)
  A stone giant simulacrum (Vaults:3)
  3 centaur simulacra
  A black mamba zombie (Dis:2)
  4 alligator skeletons
  30 blink frogs
  4 ettin skeletons
  5 ice dragon skeletons
  18 water elementals
  2 dire elephant simulacra
  2 wyverns
  14 vampires
  28 wraiths
  53 redbacks
  25 trapdoor spiders
  15 shadows
  41 deep elf fighters
  A fire dragon skeleton (Geh:6)
  A spriggan (shapeshifter) (Vaults:5)
  38 deep elf magi
  A hippogriff (shapeshifter) (Vaults:1)
  4 black mamba skeletons
  39 yaks
  14 tarantellas
  21 chaos spawn
  13 humans (Vaults:3)
  4 basilisks
  2 mottled dragons (Vaults:1)
  27 vampire mosquitoes
  5 steam dragons
  21 fire elementals
  A hog (Spider:3)
  13 golden eyes
  6 harpy simulacra (IceCv)
  8 hungry ghosts
  13 hippogriffs
  Edmund (D:4)
  5 spatial vortices (Abyss:3)
  33 neqoxecs
  16 wolves
  6 hydra simulacra
  2 insubstantial wisps (Depths:4)
  2 death yak simulacra (IceCv)
  6 wargs
  11 water moccasins
  6 spiny frog zombies
  54 orc warriors
  2 merfolk skeletons
  14 porcupines
  2 swamp drakes
  Duvessa (D:7)
  77 large abominations
  5 spiny frog skeletons
  A black bear (D:10)
  54 hell hounds
  9 ice beasts
  A tengu skeleton (Depths:2)
  4 phantoms
  9 eyes of draining
  A monstrous demonspawn skeleton (Crypt:2)
  28 spiders
  4 snapping turtle zombies
  An eye of draining (shapeshifter) (Depths:2)
  3 swamp dragon zombies
  An ettin simulacrum (Vaults:3)
  An ice beast (shapeshifter) (Vaults:2)
  An orb spider zombie (Crypt:2)
  2 alligator simulacra
  2 manticore zombies
  An ogre (shapeshifter) (Vaults:5)
  A black bear (shapeshifter) (Vaults:4)
  A boggart (shapeshifter) (Depths:4)
  5 boggarts (Depths:1)
  22 necrophages
  A swamp dragon skeleton (Pan)
  48 ogres
  25 centaurs
  16 crocodiles
  3 snapping turtle skeletons
  9 big kobolds
  A manticore skeleton (Pan)
  A fire crab zombie (Crypt:1)
  3 brain worms
  The ghost of homeworkjunkie the Sneak, an amateur SpAs (D:3)
  A gnoll sergeant (D:6)
  A big kobold (shapeshifter) (Vaults:1)
  37 giant frogs
  A brain worm (shapeshifter) (Abyss:3)
  Dowan (D:7)
  3 scorpions
  10 earth elementals
  A troll zombie (Crypt:2)
  A boulder beetle zombie (Crypt:1)
  A spriggan zombie (Coc:5)
  9 killer bees
  A spriggan skeleton (D:12)
  57 wights
  A hippogriff skeleton (Crypt:1)
  32 crimson imps
  A soldier ant zombie (Crypt:1)
  45 starcursed masses
  12 electric eels
  8 hounds
  19 iron imps
  12 centaur skeletons
  A giant frog zombie (D:8)
  Crazy Yiuf (D:6)
  42 orc priests
  2 giant frog skeletons
  7 iguanas
  39 jellies
  A human simulacrum (Vaults:2)
  42 orc wizards
  3 troll simulacra (IceCv)
  7 hell rats
  12 worker ants
  A porcupine skeleton (Crypt:1)
  31 sheep
  2 polar bear simulacra (IceCv)
  A naga skeleton (Tar:7)
  An ogre zombie (Geh:6)
  3 spriggan simulacra (IceCv)
  A hound zombie (D:6)
  An ogre skeleton (Abyss:3)
  2 hound skeletons
  28 mummies
  Robin (D:2)
  19 adders
  44 river rats
  3 worker ant zombies
  An ogre simulacrum (IceCv)
  A scorpion zombie (Crypt:2)
  9 gnolls
  11 shadow imps
  20 white imps
  A naga simulacrum (IceCv)
  10 ufetubi
  6 oozes (Slime:3)
  4 worms
  An iguana skeleton (Crypt:1)
  2 adder skeletons
  3 giant geckos
  233 orcs
  7 bats
  30 goblins
  22 hobgoblins
  13 jackals
  30 kobolds
  6 quokkas
  2 ball pythons
  3 giant cockroaches
  2 giant gecko skeletons (D:4)
  2 giant newts
  2 kobold zombies
  An orc zombie (Dis:5)
  6 rats
  A crawling corpse (Elf:3)
  10 fire vortices
  A fungus (D:6)
  2 lurking horrors (Abyss:3)
  2 plants (Lair:8)
  10 starspawn tentacles (Abyss:3)
  13 tentacles
5407 creatures vanquished.

Vanquished Creatures (collateral kills)
  Antaeus (Coc:7)
  Ereshkigal (Tar:7)
  Gloorx Vloq (Pan)
  An ancient lich (Zot:5)
  Khufu (Crypt:3)
  A greater mummy (Tomb:1)
  A pandemonium lord (Pan)
  A shard shrike (Coc:7)
  2 Ice Fiends
  A lich (Tomb:1)
  2 Orb Guardians (Zot:5)
  A Hell Sentinel (Dis:7)
  An eldritch tentacle (Dis:7)
  2 Shadow Fiends (Tar:7)
  2 sphinxes (Tomb:1)
  2 blood saints (Pan)
  A balrug (Pan)
  A draconian zealot (Zot:5)
  A warmonger (Pan)
  2 cacodemons
  An angel (Pan)
  2 reapers
  An ophan (Pan)
  A corrupter (Pan)
  3 green draconians (Zot:5)
  5 blizzard demons
  3 mummy priests
  A rakshasa (Pan)
  A hell hog (Dis:7)
  3 sun demons (Pan)
  3 death scarabs
  2 skeletal warriors (Coc:7)
  2 titan skeletons
  A cherub (Pan)
  An iron troll (Dis:7)
  4 ice devils
  2 sea snakes (Shoals:3)
  A flayed ghost (Crypt:3)
  An anubis guard (Tomb:3)
  An ugly thing (D:15)
  A shining eye (Pan)
  A frost giant zombie (Dis:7)
  5 sixfirhies (Pan)
  A rust devil (Dis:7)
  A dire elephant zombie (Dis:7)
  2 orange demons (Pan)
  6 smoke demons (Pan)
  2 spiny frogs
  A tormentor (Dis:7)
  A demonic crawler (Pan)
  2 guardian mummies (Tomb:1)
  2 red devils (Pan)
  An alligator zombie (Coc:7)
  A hydra skeleton (Coc:7)
  A slime creature (D:15)
  An ushabti (Tomb:1)
  A flying skull (Tar:7)
  A ynoxinul (Pan)
  A water elemental (Shoals:3)
  An alligator skeleton (Coc:7)
  2 golden eyes (Pan)
  7 neqoxecs (Pan)
  2 hell hounds
  A merfolk skeleton (Tomb:3)
  A snapping turtle zombie (Dis:7)
  A crocodile (Lair:8)
  A jelly (Zot:2)
  2 iron imps (Dis:7)
  3 mummies (Tomb:1)
  4 river rats (Lair:1)
122 creatures vanquished.

Vanquished Creatures (others)
  A lich (Tomb:2)
  2 titans
  An eldritch tentacle (Dis:6)
  A shadow dragon (Vaults:5)
  A revenant (Tomb:2)
  A frost giant (Vaults:5)
  A deep elf sorcerer (Vaults:5)
  A war gargoyle (Vaults:5)
  A blood saint (Pan)
  A black draconian (Zot:2)
  2 deep elf annihilators (Pan)
  2 green deaths (Pan)
  A great orb of eyes (Depths:5)
  A blizzard demon (Pan)
  A quicksilver dragon zombie (Geh:5)
  A hydra (D:14)
  A deep elf high priest (Vaults:5)
  An ogre mage (Vaults:4)
  A spriggan air mage (Pan)
  A deep troll earth mage (Vaults:5)
  A shadow wraith (Vaults:5)
  A skeletal warrior (Tomb:2)
  17 ball lightnings
  2 wizards (Vaults:3)
  15 death scarabs (Tomb:3)
  An anubis guard (Tomb:2)
  4 ugly things
  A wolf spider zombie (Tomb:2)
  A fire giant zombie (Tomb:2)
  A centaur zombie (D:14)
  A smoke demon (Pan)
  A ghost moth simulacrum (Tomb:2)
  A tormentor (Pan)
  A yaktaur (Vaults:3)
  A catoblepas skeleton (Tomb:2)
  2 wind drakes
  An ushabti (Tomb:3)
  An ettin zombie (Tomb:2)
  A spriggan zombie (Depths:2)
  5 deep elf magi
  12 flying skulls
  4 air elementals
  A redback (Spider:4)
  A small abomination (Abyss:3)
  A mottled dragon (D:14)
  An insubstantial wisp (Depths:4)
  A large abomination (Abyss:3)
  An orc warrior (Vaults:5)
  2 ogres
  A swamp dragon zombie (Geh:5)
  2 snapping turtle skeletons (Tomb:2)
  A centaur (Vaults:2)
  A yaktaur skeleton (Crypt:1)
  A jelly (Slime:6)
  2 orc wizards
  A crimson imp (Geh:4)
  3 mummies (Tomb:2)
  6 white imps
  6 orcs
  A block of ice (Pan)
  86 eldritch tentacle segments
  2 fire vortices (D:14)
  7 fungi
  5 lost souls
  A lurking horror (Abyss:3)
  21 plants
  9 starspawn tentacles (Abyss:3)
  181 starspawn tentacle segments (Abyss:3)
  37 tentacles
  1659 tentacle segments
2139 creatures vanquished.

Grand Total: 7668 creatures vanquished

Notes
Turn   | Place    | Note
--------------------------------------------------------------
     0 | D:1      | SaintRoka the Merfolk Wanderer began the quest for the Orb.
     0 | D:1      | SaintRoka set off with: 2 curare-tipped needles, a +2 blowgun, a potion of curing, a potion of lignification, a +0 robe, a bread ration
     0 | D:1      | Reached XP level 1. HP: 16/16 MP: 1/1
   875 | D:1      | Reached XP level 2. HP: 23/23 MP: 2/2
   909 | D:1      | Reached skill level 3 in Dodging
  1686 | D:2      | Reached XP level 3. HP: 28/28 MP: 3/3
  1781 | D:2      | Found a faded altar to an unknown god.
  1909 | D:2      | Reached skill level 1 in Unarmed Combat
  2776 | D:2      | Reached XP level 4. HP: 14/34 MP: 4/4
  3313 | D:2      | Noticed Robin
  3710 | D:2      | Killed Robin
  4189 | D:2      | Reached skill level 4 in Dodging
  4352 | D:2      | Reached skill level 1 in Polearms
  4352 | D:2      | Reached XP level 5. HP: 37/41 MP: 5/5
  4734 | D:2      | Gained mutation: Your skin changes colour to match your surroundings (Stealth). [potion of beneficial mutation]
  4979 | D:3      | Noticed homeworkjunkie's ghost (amateur SpAs)
  5014 | D:3      | Killed homeworkjunkie's ghost
  5059 | D:3      | Reached XP level 6. HP: 30/47 MP: 6/6
  5795 | D:4      | Found a staircase to the Ecumenical Temple.
  5800 | D:4      | Noticed Edmund
  5807 | Temple   | Entered the Ecumenical Temple
  6009 | Temple   | Became a worshipper of Warmaster Okawaru
  6048 | D:4      | Killed Edmund
  6048 | D:4      | Reached skill level 5 in Dodging
  6317 | D:4      | Reached XP level 7. HP: 38/54 MP: 7/7
  6770 | D:5      | Entered Level 5 of the Dungeon
  6872 | D:5      | Found Ziwuuwn's Antique Armour Shoppe.
  6884 | D:5      | Bought a faintly glowing chain mail for 247 gold pieces
  6894 | D:5      | Identified the +5 chain mail "Jutoalix" {+Inv Int+4} (You bought it in a shop on level 5 of the Dungeon)
  7437 | D:5      | Reached skill level 5 in Polearms
  7437 | D:5      | Reached skill level 1 in Armour
  7437 | D:5      | Reached skill level 1 in Evocations
  7525 | D:5      | Reached * piety under Okawaru
  7566 | D:5      | Found a shattered altar of Ashenzari.
  7566 | D:5      | Found a shadowy altar of Dithmenos.
  7566 | D:5      | Found a stormy altar of Qazlal.
  7632 | D:5      | Reached skill level 5 in Fighting
  7657 | D:5      | Reached XP level 8. HP: 34/62 MP: 9/9
  7828 | D:5      | Found Meytaacvu's Gadget Emporium.
  8183 | D:5      | Found a bloodstained altar of Trog.
  8196 | D:5      | Found a sparkling altar of Nemelex Xobeh.
  8241 | D:5      | Reached skill level 6 in Polearms
  8445 | D:6      | HP: 2/62 [ice beast (14)]
  8781 | D:6      | Got a translucent leather armour
  8792 | D:6      | Identified the +1 leather armour of Wohamea {Str-3 Int+7 SInv} (You found it on level 6 of the Dungeon)
  8840 | D:6      | Got a crude golden ring
  8841 | D:6      | Identified the ring "Ukoack" {Dex+4 Stlth-} (You found it on level 6 of the Dungeon)
  9063 | D:6      | Noticed Prince Ribbit
  9139 | D:7      | Found a snail-covered altar of Cheibriados.
  9163 | D:7      | Found a flagged portal.
  9185 | Bailey   | Entered a bailey
  9317 | Bailey   | Reached ** piety under Okawaru
  9380 | Bailey   | Reached skill level 7 in Polearms
  9757 | Bailey   | Reached XP level 9. HP: 18/69 MP: 11/11
 10461 | Bailey   | Got a smoking hunting sling
 10801 | D:7      | Noticed Duvessa
 10805 | D:7      | Noticed Dowan
 10814 | D:7      | Killed Duvessa
 10835 | D:7      | Killed Dowan
 11189 | D:7      | Reached skill level 8 in Polearms
 11205 | D:7      | Reached skill level 1 in Invocations
 11467 | D:7      | Noticed Pikel
 11495 | D:7      | Killed Pikel
 11495 | D:7      | Reached *** piety under Okawaru
 11495 | D:7      | Reached skill level 5 in Evocations
 11495 | D:7      | Reached XP level 10. HP: 70/78 MP: 11/13
 11848 | D:8      | Reached skill level 9 in Polearms
 11989 | D:6      | Killed Prince Ribbit
 12176 | D:6      | HP: 3/78 [orc warrior/trident (5)]
 12997 | D:6      | Noticed Crazy Yiuf
 13008 | D:6      | Killed Crazy Yiuf
 13190 | D:8      | Noticed dorian's ghost (novice OpFE)
 13230 | D:8      | Killed dorian's ghost
 13230 | D:8      | Reached **** piety under Okawaru
 14180 | D:9      | Found a staircase to the Lair.
 14225 | D:9      | Noticed Psyche
 14229 | D:9      | Killed Psyche
 14229 | D:9      | Reached ***** piety under Okawaru
 14229 | D:9      | Reached skill level 10 in Polearms
 14229 | D:9      | Reached XP level 11. HP: 61/86 MP: 15/15
 14521 | D:9      | Noticed an obsidian statue
 14800 | D:9      | Found a deep blue altar of Sif Muna.
 15172 | D:9      | Noticed an ice statue
 15195 | D:10     | Entered Level 10 of the Dungeon
 15217 | D:10     | Reached skill level 5 in Invocations
 15346 | D:10     | Noticed Maurice
 15397 | D:10     | Killed Maurice
 15397 | D:10     | Reached skill level 5 in Armour
 15401 | D:10     | Found a staircase to the Orcish Mines.
 16061 | D:10     | Noticed a tengu warrior
 16081 | D:10     | Killed a tengu warrior
 16085 | D:10     | Reached skill level 10 in Dodging
 17049 | Lair:1   | Entered Level 1 of the Lair of Beasts
 17076 | Lair:1   | Received a gift from Okawaru
 17083 | Lair:1   | Noticed a seven-headed hydra
 17084 | Lair:1   | Reached skill level 11 in Polearms
 17730 | D:11     | Killed an unseen horror
 17730 | D:11     | Reached XP level 12. HP: 87/96 MP: 17/17
 18824 | D:12     | Noticed Rupert
 18824 | D:12     | Paralysed by Rupert for 2 turns
 18828 | D:12     | Noticed Maud
 18893 | D:12     | Killed Rupert
 18893 | D:12     | Reached skill level 10 in Fighting
 18893 | D:12     | Reached skill level 12 in Polearms
 18906 | D:12     | Killed Maud
 18966 | D:12     | Found Pygom's Armour Emporium.
 18988 | D:12     | Reached ****** piety under Okawaru
 18999 | D:12     | Found a snail-covered altar of Cheibriados.
 19692 | D:13     | Received a gift from Okawaru
 19732 | D:13     | Noticed a four-headed hydra
 20041 | D:13     | Noticed a centaur warrior
 20042 | D:13     | Noticed a centaur warrior
 20055 | D:13     | Killed a centaur warrior
 20073 | D:13     | Killed a centaur warrior
 20073 | D:13     | Received a gift from Okawaru
 20073 | D:13     | Reached XP level 13. HP: 93/104 MP: 19/19
 20170 | D:13     | Found Toerry's Jewellery Emporium.
 20175 | D:13     | Bought the ring "Sifa" {EV+2 Str+5 Dex+7} for 675 gold pieces
 20186 | D:13     | Found Kaut Facu's Antique Armour Shoppe.
 20186 | D:13     | Noticed a centaur warrior
 20196 | D:13     | Killed a centaur warrior
 20305 | D:13     | Noticed a tengu warrior
 20324 | D:13     | Killed a tengu warrior
 20333 | D:13     | Reached skill level 13 in Polearms
 20442 | D:13     | Found a shimmering altar of Xom.
 20518 | D:13     | Found Uheps's Assorted Antiques.
 20526 | D:13     | Bought a potion of curing for 84 gold pieces
 20572 | D:13     | Found Nefia's Gadget Emporium.
 20668 | D:13     | Killed an eight-headed hydra
 21113 | Orc:1    | Entered Level 1 of the Orcish Mines
 21833 | D:13     | Bought a pair of faintly humming gloves for 228 gold pieces
 21838 | D:13     | Identified the +1 pair of gloves "Xommalont" {rF- Regen+ Int+4} (You bought it in a shop on level 13 of the Dungeon)
 22266 | Lair:1   | Noticed Nergalle
 22279 | Lair:1   | Killed Nergalle
 22916 | Lair:1   | Killed a 15-headed hydra
 23331 | D:13     | Bought a runed halberd for 112 gold pieces
 23331 | D:13     | Bought a shiny gold wand for 112 gold pieces
 24478 | Lair:3   | Gained mutation: You regenerate slowly when monsters are visible. [potion of mutation]
 24478 | Lair:3   | Gained mutation: You are agile. (Dex +2) [potion of mutation]
 24478 | Lair:3   | Gained mutation: You have a pair of small antennae on your head. [potion of mutation]
 24519 | Lair:1   | Lost mutation: Your skin changes colour to match your surroundings (Stealth). [potion of cure mutation]
 24519 | Lair:1   | Lost mutation: You regenerate slowly when monsters are visible. [potion of cure mutation]
 24519 | Lair:1   | Lost mutation: You have a pair of small antennae on your head. [potion of cure mutation]
 24789 | Lair:3   | Learned a level 4 spell: Summon Ice Beast
 25230 | Lair:4   | Received a gift from Okawaru
 25270 | Lair:4   | Reached skill level 14 in Polearms
 25606 | Lair:4   | Reached skill level 10 in Evocations
 25755 | Lair:4   | Got a twitching zirconium amulet
 25756 | Lair:4   | Identified the amulet "Xuasso" {Spirit rElec rPois MP+9 Int+3} (You found it on level 4 of the Lair of Beasts)
 25946 | Lair:4   | Reached XP level 14. HP: 114/114 MP: 21/21
 26606 | Lair:5   | Found a hole to the Spider Nest.
 26946 | Lair:6   | Received a gift from Okawaru
 26949 | Lair:6   | Got an ichor-stained plate armour {god gift}
 26978 | Lair:6   | Identified the +5 plate armour of the Dungeon {rN+ rCorr Str-3 Dex+4} (Okawaru gifted it to you on level 6 of the Lair of Beasts)
 27089 | Lair:6   | Found a staircase to the Shoals.
 27869 | Lair:7   | Reached skill level 15 in Polearms
 28285 | Lair:7   | Received a gift from Okawaru
 28323 | Lair:7   | Got a pitted spear {god gift}
 28324 | Lair:7   | Identified the +7 spear of the Imperium {holy, Int+2} (Okawaru gifted it to you on level 7 of the Lair of Beasts)
 28737 | Lair:8   | Entered Level 8 of the Lair of Beasts
 28765 | Lair:8   | Reached XP level 15. HP: 117/123 MP: 22/22
 28887 | Lair:8   | Reached skill level 16 in Polearms
 28987 | Lair:8   | Received a gift from Okawaru
 29000 | Lair:8   | Got a slimy shield {god gift}
 29001 | Lair:8   | Identified the +3 shield of Lies {Str+4} (Okawaru gifted it to you on level 8 of the Lair of Beasts)
 29252 | Lair:8   | Reached skill level 15 in Dodging
 29450 | Lair:8   | Gained mutation: You have sharp fingernails. [potion of beneficial mutation]
 30028 | Lair:8   | Found a staircase to the Slime Pits.
 30816 | Orc:2    | Found a shimmering altar of Xom.
 30819 | Orc:2    | Noticed Erolcha
 30821 | Orc:2    | Killed Erolcha
 30857 | Orc:2    | Reached skill level 17 in Polearms
 31641 | Orc:3    | Noticed Sonja
 31697 | Orc:3    | Noticed Sonja
 31697 | Orc:3    | Sonja changed into Sonja the golden eye
 31739 | Orc:3    | Killed Sonja the golden eye
 31743 | Orc:3    | Received a gift from Okawaru
 32056 | Orc:4    | Entered Level 4 of the Orcish Mines
 32211 | Orc:4    | Found a staircase to the Elven Halls.
 32259 | Orc:4    | Found a roughly hewn altar of Beogh.
 32381 | Orc:4    | Reached XP level 16. HP: 133/133 MP: 23/23
 32458 | Orc:4    | Found Keril's Distillery.
 32522 | Orc:4    | Found Fyppy's Antique Weapon Shop.
 32568 | Orc:4    | Found Cerif's Book Shoppe.
 32570 | Orc:4    | Bought a potion of heal wounds for 60 gold pieces
 32579 | Orc:4    | Found Luoqoal's Food Boutique.
 32820 | Orc:4    | Bought a potion of heal wounds for 60 gold pieces
 32820 | Orc:4    | Bought 2 potions of lignification for 72 gold pieces
 32820 | Orc:4    | Bought a potion of cancellation for 96 gold pieces
 32820 | Orc:4    | Bought a potion of invisibility for 96 gold pieces
 32820 | Orc:4    | Bought a potion of curing for 36 gold pieces
 33136 | D:14     | Noticed Louise
 33165 | D:14     | Killed Louise
 33431 | D:14     | Reached skill level 10 in Armour
 33931 | D:14     | Reached skill level 18 in Polearms
 34023 | D:14     | Found a gate to the Vaults.
 34118 | D:15     | Entered Level 15 of the Dungeon
 34540 | D:15     | Found a staircase to the Depths.
 35201 | Shoals:1 | Entered Level 1 of the Shoals
 35214 | Shoals:1 | Received a gift from Okawaru
 35510 | Shoals:1 | Found Sehir's Food Shop.
 35553 | Shoals:1 | Received a gift from Okawaru
 36094 | Shoals:1 | Learned a level 1 spell: Summon Butterflies
 36096 | Shoals:1 | Learned a level 1 spell: Apportation
 36100 | Shoals:2 | Noticed Donald
 36119 | Shoals:2 | Killed Donald
 36119 | Shoals:2 | Reached skill level 15 in Fighting
 36269 | Shoals:2 | Reached XP level 17. HP: 142/142 MP: 24/24
 36314 | Shoals:2 | Noticed an octopode crusher
 36355 | Shoals:2 | Killed an octopode crusher
 36673 | Shoals:2 | Received a gift from Okawaru
 37126 | Shoals:3 | Found a frozen archway.
 37165 | IceCv    | Entered an ice cave
 37486 | IceCv    | Got a transparent scale mail
 37497 | IceCv    | Identified the cursed +0 scale mail "Ijazycy" {Int+3} (You found it in an ice cave)
 37671 | IceCv    | Noticed an Ice Fiend
 37705 | IceCv    | Reached skill level 19 in Polearms
 38339 | IceCv    | Killed an Ice Fiend
 38423 | IceCv    | Learned a level 4 spell: Animate Dead
 38705 | Shoals:3 | Received a gift from Okawaru
 39409 | Shoals:4 | Entered Level 4 of the Shoals
 39688 | Shoals:4 | Noticed Ilsuiw
 39719 | Shoals:4 | Killed Ilsuiw
 39830 | Shoals:4 | Reached XP level 18. HP: 151/151 MP: 25/25
 39855 | Shoals:4 | Received a gift from Okawaru
 39914 | Shoals:4 | Got a barnacled rune of Zot
 40101 | Shoals:4 | Noticed Polyphemus
 40293 | Shoals:4 | Reached skill level 20 in Polearms
 40298 | Shoals:4 | Killed Polyphemus
 41210 | Spider:1 | Entered Level 1 of the Spider Nest
 41395 | Spider:1 | Received a gift from Okawaru
 41409 | Spider:1 | Got a bloodstained glaive {god gift}
 41410 | Spider:1 | Identified the +4 glaive of Okawaru's Generosity {venom, +Inv rPois rF+ rC-} (Okawaru gifted it to you on level 1 of the Spider Nest)
 42393 | Spider:3 | Noticed Aizul
 42411 | Spider:3 | Killed Aizul
 43092 | Spider:4 | Entered Level 4 of the Spider Nest
 43151 | Spider:4 | Reached XP level 19. HP: 159/159 MP: 2/26
 43346 | Spider:4 | Received a gift from Okawaru
 43491 | Spider:4 | Noticed Agnes
 43494 | Spider:4 | Killed Agnes
 43633 | Spider:4 | Reached skill level 21 in Polearms
 43740 | Spider:4 | Received a gift from Okawaru
 43907 | Spider:4 | Got a gossamer rune of Zot
 44692 | Elf:1    | Entered Level 1 of the Elven Halls
 45427 | Elf:1    | Received a gift from Okawaru
 45687 | Elf:1    | Noticed Frances
 45696 | Elf:1    | Killed Frances
 46003 | Elf:2    | Found a runed gate.
 46003 | Elf:2    | Found a runed gate.
 46003 | Elf:2    | Found a runed gate.
 46301 | Elf:3    | Entered Level 3 of the Elven Halls
 46453 | Elf:3    | Found Sifador's Armour Boutique.
 46461 | Elf:3    | Bought a +1 pair of boots of stealth for 280 gold pieces
 47116 | Vaults:1 | Entered Level 1 of the Vaults
 47215 | Vaults:1 | Reached XP level 20. HP: 140/170 MP: 22/27
 47594 | Vaults:1 | Got a twitching sapphire amulet
 47619 | Vaults:1 | Identified the amulet "Quleit" {Spirit rF+ Int+7 Dex-2} (You found it on level 1 of the Vaults)
 47785 | Vaults:1 | Reached skill level 22 in Polearms
 47854 | Vaults:1 | Noticed Nikola
 47867 | Vaults:1 | Killed Nikola
 47867 | Vaults:1 | Received a gift from Okawaru
 48573 | Vaults:2 | Received a gift from Okawaru
 49131 | Vaults:2 | Found a roughly hewn altar of Beogh.
 49365 | Vaults:2 | Received a gift from Okawaru
 50034 | Vaults:3 | Noticed Urug
 50037 | Vaults:3 | Killed Urug
 50040 | Vaults:3 | Reached XP level 21. HP: 167/178 MP: 28/28
 50092 | Vaults:3 | Received a gift from Okawaru
 50108 | Vaults:3 | Reached skill level 23 in Polearms
 50291 | Vaults:3 | Found a staircase to the Crypt.
 50487 | Vaults:3 | Received a gift from Okawaru
 50724 | Vaults:3 | Received a gift from Okawaru
 51651 | Vaults:4 | Received a gift from Okawaru
 51667 | Vaults:4 | Got a brightly glowing halberd {god gift}
 51668 | Vaults:4 | Identified the +9 halberd "Ekhususy" {speed, rN+ SInv} (Okawaru gifted it to you on level 4 of the Vaults)
 51763 | Vaults:4 | Noticed Mennas
 51786 | Vaults:4 | Killed Mennas
 51786 | Vaults:4 | Reached XP level 22. HP: 126/188 MP: 23/29
 51898 | Vaults:4 | Found Jaumycee's Gadget Shoppe.
 51952 | Vaults:4 | Bought a wand of heal wounds (6) for 960 gold pieces
 51983 | Vaults:4 | Noticed Mara
 51992 | Vaults:4 | Killed Mara
 52101 | Vaults:4 | Reached skill level 24 in Polearms
 52189 | Vaults:4 | Received a gift from Okawaru
 53135 | D:5      | Bought a wand of cold (7) for 264 gold pieces
 53634 | Slime:1  | Entered Level 1 of the Pits of Slime
 55188 | Slime:6  | Entered Level 6 of the Pits of Slime
 55195 | Slime:6  | Paralysed by a great orb of eyes for 6 turns
 55210 | Slime:6  | Received a gift from Okawaru
 55733 | Slime:6  | Noticed the royal jelly
 55761 | Slime:6  | Killed the royal jelly
 55761 | Slime:6  | Reached XP level 23. HP: 172/196 MP: 24/30
 55811 | Slime:6  | Received a gift from Okawaru
 56606 | Slime:6  | Got a slimy rune of Zot
 56639 | Slime:6  | Got a polished scale mail
 56650 | Slime:6  | Identified the +10 scale mail of Nemelex Xobeh's Pride {Str+4 Int+2} (You found it on level 6 of the Pits of Slime)
 57295 | Depths:1 | Entered Level 1 of the Depths
 57357 | Depths:1 | Reached skill level 25 in Polearms
 57364 | Depths:1 | Reached skill level 15 in Armour
 57540 | Depths:1 | Found a portal to a secret trove of treasure.
 57635 | Depths:1 | Found a runed door.
 57916 | Depths:1 | Found a one-way gate leading to the halls of Pandemonium.
 58404 | Depths:1 | Found a gateway to Hell.
 58654 | Depths:2 | Noticed Dustman's ghost (adept HuFi)
 58661 | Depths:2 | Killed Dustman's ghost
 58995 | Depths:2 | Found Jacsouna's Magic Scroll Shop.
 59015 | Depths:2 | Bought a scroll of magic mapping for 66 gold pieces
 59146 | Depths:2 | Got a steaming brass ring
 59147 | Depths:2 | Identified the ring of Tototasa {Fire rPois} (You found it on level 2 of the Depths)
 59553 | Depths:3 | Found a gateway to a ziggurat.
 59567 | Depths:3 | Noticed Jory
 59586 | Depths:3 | Killed Jory
 59775 | Depths:3 | Received a gift from Okawaru
 59791 | Depths:3 | Noticed Margery
 59803 | Depths:3 | Killed Margery
 60198 | Depths:3 | Reached XP level 24. HP: 208/208 MP: 30/30
 60547 | Depths:3 | Gained mutation: You occasionally shout uncontrollably at your foes. [a neqoxec]
 60717 | Zig:1    | Entered Level 1 of a ziggurat
 60735 | Zig:2    | Entered Level 2 of a ziggurat
 60766 | Zig:3    | Entered Level 3 of a ziggurat
 60857 | Zig:4    | Entered Level 4 of a ziggurat
 61241 | Depths:4 | Gained mutation: You are very agile. (Dex +4) [potion of mutation]
 61241 | Depths:4 | Gained mutation: Your mind is acute. (Int +2) [potion of mutation]
 61532 | Depths:4 | Reached skill level 26 in Polearms
 61717 | Depths:4 | Received a gift from Okawaru
 62259 | Depths:4 | Identified the Collected Works on the Compass and Aid
 62264 | Depths:4 | Learned a level 3 spell: Portal Projectile
 62268 | Depths:4 | Learned a level 3 spell: Regeneration
 62273 | Depths:4 | Learned a level 4 spell: Passage of Golubria
 62381 | Depths:4 | Found a one-way gate to the infinite horrors of the Abyss.
 62559 | Depths:5 | Entered Level 5 of the Depths
 62586 | Depths:5 | Paralysed by something for 5 turns
 62833 | Depths:5 | Received a gift from Okawaru
 62837 | Depths:5 | Noticed an ancient lich
 62862 | Depths:5 | Killed an ancient lich
 62862 | Depths:5 | Reached XP level 25. HP: 65/216 MP: 30/30
 63622 | Depths:5 | Found a gate to the Realm of Zot.
 63806 | Hell     | Entered the Vestibule of Hell
 63806 | Hell     | Noticed Geryon
 64379 | Vaults:5 | Entered Level 5 of the Vaults
 65368 | Vaults:4 | Received a gift from Okawaru
 65651 | Vaults:5 | Received a gift from Okawaru
 65892 | Vaults:5 | Got a shimmering crystal plate armour {god gift}
 65903 | Vaults:5 | Identified the +20 crystal plate armour "Edihaus" {*Drain +Blink Dex+3} (Okawaru gifted it to you on level 5 of the Vaults)
 66255 | Vaults:5 | Identified Sif Muna's Handbook of Stolen Souls and Earth
 66391 | Vaults:5 | Reached XP level 26. HP: 215/226 MP: 30/30
 66932 | Vaults:5 | Got a shimmering chain mail
 67088 | Vaults:5 | Identified the cursed +1 chain mail "Neeg" {rF+ Regen+ Int+2} (You took it off an orc on level 5 of the Vaults)
 67107 | Vaults:5 | Found Oguepohozu's Magic Scroll Shop.
 67161 | Vaults:5 | Bought a scroll of recharging for 218 gold pieces
 67161 | Vaults:5 | Bought a scroll of recharging for 218 gold pieces
 67161 | Vaults:5 | Bought a scroll of teleportation for 69 gold pieces
 67161 | Vaults:5 | Bought a scroll of fog for 46 gold pieces
 67283 | Vaults:5 | Got a silver rune of Zot
 67447 | Vaults:5 | Got a vibrating pewter ring
 67766 | Vaults:5 | Got a bloodstained arbalest
 67767 | Vaults:5 | Identified the +8 arbalest "Ashraodi" {elec, rF+ rN+ Str-4} (You took it off a vault sentinel on level 5 of the Vaults)
 68067 | Lair:1   | Identified the ring of Ytimack {Dex+3 Stlth+} (You took it off an ironheart preserver on level 5 of the Vaults)
 68333 | Zot:1    | Entered Level 1 of the Realm of Zot
 68378 | Zot:1    | Got a scintillating turquoise ring
 68379 | Zot:1    | Identified the ring "Zettuc Hudo" {rElec rPois rN+ Stlth+} (You found it on level 1 of the Realm of Zot)
 68437 | Zot:1    | Received a gift from Okawaru
 69246 | Zot:2    | Reached skill level 27 in Dodging
 69286 | Zot:2    | Received a gift from Okawaru
 69286 | Zot:2    | Reached skill level 5 in Throwing
 69663 | Zot:2    | Reached XP level 27. HP: 141/237 MP: 27/30
 69810 | Zot:2    | Received a gift from Okawaru
 70617 | Zot:2    | Received a gift from Okawaru
 71217 | Zot:3    | Received a gift from Okawaru
 72435 | Elf:3    | Reached skill level 10 in Throwing
 72453 | Elf:3    | Cast into the Abyss (a deep elf sorcerer)
 72526 | Abyss:2  | Found a corrupted altar of Lugonu.
 72691 | Abyss:3  | Got a pitted turquoise ring
 73468 | Abyss:3  | Identified the ring "Uxzeitast" {+Fly rPois} (You took it off a kobold demonologist on level 3 of the Abyss)
 73626 | Abyss:3  | Paralysed by accursed screaming for 1 turns
 73770 | Abyss:3  | Found a corrupted altar of Lugonu.
 73792 | Abyss:3  | Found a sparkling altar of Nemelex Xobeh.
 74280 | Abyss:3  | Found a corrupted altar of Lugonu.
 74755 | Abyss:3  | Found a corrupted altar of Lugonu.
 75108 | Abyss:3  | Found an opulent altar of Gozag.
 75187 | Abyss:3  | Paralysed by accursed screaming for 1 turns
 75206 | Abyss:3  | Received a gift from Okawaru
 75350 | Abyss:3  | Got an abyssal rune of Zot
 75477 | Abyss:3  | Received a gift from Okawaru
 75651 | Elf:3    | Escaped the Abyss
 75978 | Elf:3    | Received a gift from Okawaru
 76020 | Elf:3    | Got a polished quicksilver dragon armour {god gift}
 76021 | Elf:3    | Identified the quicksilver dragon armour of Hedge Wizardry {+Fly MR+} (Okawaru gifted it to you on level 3 of the Elven Halls)
 76060 | Elf:3    | Got a steaming golden ring
 76061 | Elf:3    | Identified the ring of Twilight {Wiz rC++ Str-2} (You found it on level 3 of the Elven Halls)
 76104 | Elf:3    | Got a shimmering iron ring
 76105 | Elf:3    | Identified the ring "Uprofyle" {SustAt rElec rPois} (You found it on level 3 of the Elven Halls)
 76392 | Elf:3    | Learned a level 5 spell: Phase Shift
 76552 | Elf:3    | Noticed Saint Roka
 76586 | Elf:3    | Killed Saint Roka
 78567 | Temple   | Fell from the grace of Okawaru
 78567 | Temple   | Became a worshipper of the Shining One
 79079 | Crypt:1  | Entered Level 1 of the Crypt
 79087 | Crypt:1  | Noticed Wiglaf
 79096 | Crypt:1  | Killed Wiglaf
 79157 | Crypt:1  | Reached * piety under the Shining One
 79215 | Crypt:1  | Reached skill level 1 in Spellcasting
 79216 | Crypt:1  | Noticed Boris
 79225 | Crypt:1  | Killed Boris
 79278 | Crypt:1  | Noticed Sojobo
 79428 | Crypt:1  | Reached ** piety under the Shining One
 79702 | Crypt:1  | Reached *** piety under the Shining One
 80151 | Crypt:2  | Noticed Boris
 80168 | Crypt:2  | Killed Boris
 80202 | Crypt:2  | Learned a level 3 spell: Spectral Weapon
 80205 | Crypt:2  | Learned a level 2 spell: Song of Slaying
 80297 | Crypt:2  | Reached **** piety under the Shining One
 80464 | Crypt:2  | Found a basalt altar of Yredelemnul.
 80820 | Crypt:2  | Reached ***** piety under the Shining One
 80848 | Crypt:2  | Found a basalt altar of Yredelemnul.
 80927 | Crypt:3  | Entered Level 3 of the Crypt
 81051 | Crypt:3  | Found an ancient bone altar of Kikubaaqudgha.
 81051 | Crypt:3  | Reached ****** piety under the Shining One
 81070 | Crypt:3  | Identified a +9 bardiche of holy wrath (a +9 bardiche of chaos blessed by the Shining One)
 81070 | Crypt:3  | Received a gift from the Shining One
 81397 | Crypt:3  | Found a staircase to the Tomb.
 81397 | Crypt:3  | Noticed Khufu
 81407 | Crypt:3  | Killed Khufu
 82008 | Crypt:3  | Reached skill level 5 in Spellcasting
 82502 | Crypt:1  | Killed Sojobo
 82511 | Crypt:1  | Killed the ghostly Sojobo
 83344 | Orc:4    | Bought a meat ration for 50 gold pieces
 83344 | Orc:4    | Bought a meat ration for 50 gold pieces
 83344 | Orc:4    | Bought a bread ration for 50 gold pieces
 83344 | Orc:4    | Bought a meat ration for 50 gold pieces
 83344 | Orc:4    | Bought a meat ration for 50 gold pieces
 83344 | Orc:4    | Bought a meat ration for 50 gold pieces
 83344 | Orc:4    | Bought a bread ration for 50 gold pieces
 83344 | Orc:4    | Bought a bread ration for 50 gold pieces
 83448 | Orc:4    | Was forgiven by Okawaru
 83946 | Orc:4    | Bought a potion of berserk rage for 60 gold pieces
 85190 | Pan      | Entered Pandemonium
 85237 | Pan      | Found an exit through the horrors of the Abyss.
 85248 | Pan      | Noticed Juania the pandemonium lord
 85255 | Pan      | Reached skill level 10 in Invocations
 85261 | Pan      | Killed Juania the pandemonium lord
 85288 | Pan      | Identified a scroll of acquirement
 85291 | Pan      | Got a pair of translucent gloves
 85302 | Pan      | Identified the +2 pair of gloves of Absence {rF+} (You acquired it in Pandemonium)
 85565 | Pan      | Identified the Handbook of Supportive Enhancements
 85869 | Pan      | Found a white marble altar of Elyvilon.
 86416 | Pan      | Reached skill level 15 in Throwing
 86826 | Pan      | Noticed a seraph
 86860 | Pan      | Killed a seraph
 86981 | Pan      | Found a glowing golden altar of the Shining One.
 86990 | Pan      | Got a demonic rune of Zot
 87709 | Pan      | Found a glowing silver altar of Zin.
 87939 | Pan      | Found an exit through the horrors of the Abyss.
 87974 | Pan      | Noticed Oras the pandemonium lord
 87992 | Pan      | Killed Oras the pandemonium lord
 88028 | Pan      | Noticed Hiec the pandemonium lord
 88045 | Pan      | Killed Hiec the pandemonium lord
 88180 | Pan      | Noticed Jyffisho the pandemonium lord
 88192 | Pan      | Killed Jyffisho the pandemonium lord
 88315 | Pan      | Noticed Xenwyaf the pandemonium lord
 88332 | Pan      | Killed Xenwyaf the pandemonium lord
 88397 | Pan      | Entered the realm of Mnoleg.
 88572 | Pan      | Found an exit through the horrors of the Abyss.
 88680 | Pan      | Gained mutation: You are weak. (Str -2) [a neqoxec]
 88733 | Pan      | Noticed Mnoleg
 88758 | Pan      | Killed Mnoleg
 88775 | Pan      | Got a glowing rune of Zot
 88880 | Pan      | Noticed Iziug the pandemonium lord
 88898 | Pan      | Killed Iziug the pandemonium lord
 88902 | Pan      | Reached skill level 27 in Fighting
 89673 | Pan      | Noticed Diekh the pandemonium lord
 89699 | Pan      | Killed Diekh the pandemonium lord
 89798 | Pan      | Found an exit through the horrors of the Abyss.
 90058 | Pan      | Gained mutation: You are very weak. (Str -4) [a neqoxec]
 90246 | Pan      | Gained mutation: Armour fits poorly on your strangely shaped body. [a neqoxec]
 90279 | Depths:1 | Escaped Pandemonium
 90284 | Pan      | Entered Pandemonium
 90284 | Pan      | Noticed Boollul the pandemonium lord
 90289 | Pan      | Reached skill level 15 in Invocations
 90297 | Pan      | Killed Boollul the pandemonium lord
 90309 | Pan      | Learned a level 2 spell: Swiftness
 90604 | Pan      | Noticed Obleroi the pandemonium lord
 90607 | Pan      | Killed Obleroi the pandemonium lord
 90663 | Depths:1 | Escaped Pandemonium
 90671 | Pan      | Entered Pandemonium
 90724 | Pan      | Lost mutation: You have sharp fingernails. [potion of cure mutation]
 90724 | Pan      | Lost mutation: Your mind is acute. (Int +2) [potion of cure mutation]
 90724 | Pan      | Lost mutation: You are very agile. (Dex +4) [potion of cure mutation]
 90724 | Pan      | Lost mutation: Armour fits poorly on your strangely shaped body. [potion of cure mutation]
 90724 | Pan      | Lost mutation: You are agile. (Dex +2) [potion of cure mutation]
 90724 | Pan      | Lost mutation: You occasionally shout uncontrollably at your foes. [potion of cure mutation]
 90725 | Pan      | Lost mutation: You are very weak. (Str -4) [potion of cure mutation]
 90725 | Pan      | Lost mutation: You are weak. (Str -2) [potion of cure mutation]
 90922 | Pan      | Entered the realm of Lom Lobon.
 90922 | Pan      | Noticed Lom Lobon
 90976 | Pan      | Found an exit through the horrors of the Abyss.
 91474 | Pan      | Got a magical rune of Zot
 91543 | Pan      | Killed Lom Lobon
 91839 | Pan      | Noticed Ighun the pandemonium lord
 91856 | Pan      | Killed Ighun the pandemonium lord
 92011 | Pan      | Gained mutation: Scrolls take you a little longer to read. [a neqoxec]
 92060 | Pan      | Lost mutation: Scrolls take you a little longer to read. [potion of cure mutation]
 92167 | Pan      | Found an exit through the horrors of the Abyss.
 92643 | Depths:1 | Escaped Pandemonium
 92649 | Pan      | Entered Pandemonium
 92724 | Pan      | Noticed Luskioq the pandemonium lord
 92737 | Pan      | Entered the realm of Gloorx Vloq.
 92892 | Pan      | Noticed Gloorx Vloq
 92906 | Pan      | Killed Gloorx Vloq
 92930 | Pan      | Got a dark rune of Zot
 93569 | Pan      | Found an exit through the horrors of the Abyss.
 94055 | Pan      | Noticed Viyz the pandemonium lord
 94071 | Pan      | Killed Viyz the pandemonium lord
 94134 | Pan      | Found an exit through the horrors of the Abyss.
 94452 | Pan      | Found an exit through the horrors of the Abyss.
 94497 | Pan      | Gained mutation: You are partially covered in yellow scales (AC +2). [a cacodemon]
 94514 | Pan      | Got a smoking hat
 94525 | Pan      | Identified the +0 hat of the Trilobite {rF+} (You acquired it in Pandemonium)
 94601 | Pan      | Got a steaming lapis lazuli ring
 94602 | Pan      | Identified the ring "Wyomn" {Ice Int+6} (You found it in Pandemonium)
 94669 | Pan      | Found an exit through the horrors of the Abyss.
 94791 | Pan      | Found an exit through the horrors of the Abyss.
 94818 | Pan      | Noticed Wihesaun the pandemonium lord
 94835 | Pan      | Killed Wihesaun the pandemonium lord
 95041 | Pan      | Entered the realm of Cerebov.
 95738 | Pan      | Noticed Cerebov
 95761 | Pan      | Killed Cerebov
 95798 | Pan      | Got a fiery rune of Zot
 95955 | Pan      | Got a steaming fire dragon armour
 95956 | Pan      | Identified the cursed +0 fire dragon armour "Jud Xemy" {rF++ rC- MR+} (You found it in Pandemonium)
 95959 | Pan      | Got a flickering lead ring
 95960 | Pan      | Identified the cursed ring of Huff {rC+ Str-2} (You found it in Pandemonium)
 96138 | Pan      | Found an exit through the horrors of the Abyss.
 96584 | Pan      | Found an exit through the horrors of the Abyss.
 96605 | Pan      | Took an exit into the Abyss.
 96605 | Abyss:1  | Escaped into the Abyss
 96650 | Abyss:1  | Paralysed by accursed screaming for 1 turns
 96672 | Depths:1 | Escaped the Abyss
 96895 | Hell     | Killed Geryon
 96992 | Hell     | Found a gateway to the decaying netherworld of Tartarus.
 97017 | Tar:1    | Entered Level 1 of Tartarus
 97707 | Tar:6    | Paralysed by an eldritch tentacle for 4 turns
 97764 | Tar:7    | Entered Level 7 of Tartarus
 98238 | Tar:7    | Got a steaming steel ring
 98239 | Tar:7    | Identified the ring "Wouf" {Fire rPois Int+4 SInv} (You found it on level 7 of Tartarus)
 98243 | Tar:7    | Got a shimmering jade amulet
 98244 | Tar:7    | Identified the amulet of Propriety {Faith *Contam Str+5 Slay+3} (You found it on level 7 of Tartarus)
 98325 | Tar:7    | Noticed Ereshkigal
 98340 | Tar:7    | Paralysed by Ereshkigal for 7 turns
 98342 | Tar:7    | Killed Ereshkigal
 98379 | Tar:7    | Got a bone rune of Zot
 98384 | Tar:7    | Got a pair of scorched gloves
 98385 | Tar:7    | Identified the cursed -2 pair of gloves "Werph" {Int+4} (You found it on level 7 of Tartarus)
 98397 | Tar:7    | Got a heavily runed ice dragon armour
 98398 | Tar:7    | Identified the +0 ice dragon armour "Gaofea" {rF- rC++ rN+} (You found it on level 7 of Tartarus)
 98549 | Hell     | Found a gateway to the Iron City of Dis.
 98560 | Dis:1    | Entered Level 1 of the Iron City of Dis
 99558 | Dis:5    | Gained mutation: Armour fits poorly on your strangely shaped body. [mutagenic glow]
 99592 | Dis:5    | Lost mutation: Armour fits poorly on your strangely shaped body. [mutagenic glow]
100257 | Dis:6    | Gained mutation: You regenerate slowly when monsters are visible. [mutagenic glow]
100429 | Dis:6    | Lost mutation: You regenerate slowly when monsters are visible. [potion of cure mutation]
100429 | Dis:6    | Lost mutation: You are partially covered in yellow scales (AC +2). [potion of cure mutation]
100594 | Dis:7    | Entered Level 7 of the Iron City of Dis
101012 | Dis:7    | Gained mutation: Your magical capacity is low (-10% MP). [mutagenic glow]
101590 | Dis:7    | Noticed Dispater
101608 | Dis:7    | Killed Dispater
101635 | Dis:7    | Got an iron rune of Zot
101782 | Hell     | Found a gateway to the ashen valley of Gehenna.
101834 | Geh:1    | Entered Level 1 of Gehenna
102319 | Geh:7    | Entered Level 7 of Gehenna
103031 | Geh:7    | Noticed Asmodeus
103039 | Geh:7    | Killed Asmodeus
103060 | Geh:7    | Got an obsidian rune of Zot
103084 | Geh:7    | Got a pair of transparent gloves
103085 | Geh:7    | Identified the +0 pair of gloves of Cheibriados {Int+3} (You found it on level 7 of Gehenna)
103302 | Hell     | Found a gateway to the freezing wastes of Cocytus.
103315 | Coc:1    | Entered Level 1 of Cocytus
104004 | Coc:7    | Entered Level 7 of Cocytus
104143 | Coc:7    | Noticed the Serpent of Hell
104159 | Coc:7    | Killed the Serpent of Hell
104406 | Coc:7    | Noticed Antaeus
104429 | Coc:7    | Killed Antaeus
104439 | Coc:7    | Got an icy rune of Zot
105223 | Tomb:1   | Entered Level 1 of the Tomb of the Ancients
105525 | Tomb:1   | Got a smoking greatsling
105526 | Tomb:1   | Identified the +9 greatsling of the Ecumenical Temple {flame, rPois Stlth+} (You found it on level 1 of the Tomb of the Ancients)
105917 | Tomb:2   | Noticed an ancient lich
106146 | Tomb:3   | Entered Level 3 of the Tomb of the Ancients
107685 | Tomb:3   | Got a slimy golden ring
107686 | Tomb:3   | Identified the ring "Qidwokac" {rF- AC+2 Int+4 Slay+2} (You found it on level 3 of the Tomb of the Ancients)
107692 | Tomb:3   | Got a twisted plate armour
107693 | Tomb:3   | Identified the +9 plate armour of the Soldier {rElec MP+9 Str-2 Slay+2} (You found it on level 3 of the Tomb of the Ancients)
108037 | Tomb:3   | Got a golden rune of Zot
108915 | Zot:5    | Entered Level 5 of the Realm of Zot
109107 | Zot:5    | Noticed an ancient lich
109111 | Zot:5    | Killed an ancient lich
109246 | Zot:5    | Noticed an orb of fire
109257 | Zot:5    | Killed an orb of fire
109288 | Zot:5    | Noticed an ancient lich
109296 | Zot:5    | Killed an ancient lich
109516 | Zot:5    | Noticed an ancient lich
109524 | Zot:5    | Killed an ancient lich
109543 | Zot:5    | Noticed an ancient lich
109548 | Zot:5    | Killed an ancient lich
109556 | Zot:5    | Noticed an orb of fire
109565 | Zot:5    | Killed an orb of fire
109569 | Zot:5    | Noticed an ancient lich
109580 | Zot:5    | Killed an ancient lich
109656 | Zot:5    | Reached skill level 27 in Invocations
109795 | Zot:5    | Got the Orb of Zot
109885 | Zot:2    | Noticed Ysyaret the pandemonium lord
109900 | Zot:2    | Killed Ysyaret the pandemonium lord
109958 | Depths:5 | Noticed Dausyroz the pandemonium lord
110317 | D:$      | Escaped with the Orb!

Action                   |  1- 3 |  4- 6 |  7- 9 | 10-12 | 13-15 | 16-18 | 19-21 | 22-24 | 25-27 || total
-------------------------+-------+-------+-------+-------+-------+-------+-------+-------+-------++-------
Melee: Unarmed           |   146 |    89 |       |       |       |     7 |       |       |       ||   242
       Spear             |       |   265 |   243 |    12 |       |       |       |       |       ||   520
       Halberd           |       |       |   395 |   982 |  2270 |  1119 |    71 |       |       ||  4837
       Lajatang          |       |       |       |       |       |    25 |       |       |       ||    25
       Bardiche          |       |       |       |       |       |   728 |  1495 |  1711 |  8429 || 12363
       Glaive            |       |       |       |       |       |    59 |    29 |       |   585 ||   673
 Fire: Blowgun           |    50 |    34 |    15 |    16 |       |       |       |       |       ||   115
Throw: Stone             |    11 |     1 |       |       |       |       |       |       |       ||    12
       Tomahawk          |       |       |    11 |       |       |       |       |       |    27 ||    38
       Javelin           |       |       |       |       |       |       |       |       |   226 ||   226
Invok: Heroism           |       |       |     7 |    18 |    19 |    31 |    15 |    15 |    16 ||   121
       Finesse           |       |       |       |     5 |    13 |    19 |    12 |    13 |    11 ||    73
       Cleansing Flame   |       |       |       |       |       |       |       |       |   107 ||   107
       Summon Divine War |       |       |       |       |       |       |       |       |    49 ||    49
       Divine Shield     |       |       |       |       |       |       |       |       |     3 ||     3
       Brand Weapon With |       |       |       |       |       |       |       |       |     1 ||     1
 Abil: Evoke Invisibilit |       |       |       |     2 |       |     1 |       |       |       ||     3
       Evoke Teleportati |       |       |       |       |       |       |       |       |    19 ||    19
       Stop Flying       |       |       |       |       |       |       |       |       |     1 ||     1
       Evoke Flight      |       |       |       |       |       |       |       |       |     1 ||     1
Evoke: Wand              |       |       |       |    13 |    26 |    13 |    12 |     8 |    25 ||    97
       Lamp of fire      |       |       |       |       |     4 |     4 |       |       |       ||     8
  Use: Scroll            |       |     5 |     7 |    19 |    21 |    17 |    12 |     9 |   110 ||   200
       Potion            |       |     2 |     2 |     9 |     5 |     8 |     1 |     9 |    46 ||    82
 Stab: Sleeping          |     4 |     4 |     1 |       |     3 |       |     5 |     3 |       ||    20
       Distracted        |     1 |       |       |       |     2 |     3 |     2 |     2 |     8 ||    18
       Invisible         |       |       |       |     4 |     1 |    24 |    38 |       |       ||    67
       Confused          |       |       |       |     2 |       |     1 |       |     3 |    12 ||    18
       Petrifying        |       |       |       |       |       |     4 |       |       |    31 ||    35
       Petrified         |       |       |       |       |       |     2 |       |       |     2 ||     4
       Held in net/web   |       |       |       |       |       |       |     3 |       |       ||     3
       Paralysed         |       |       |       |       |       |       |       |     8 |    25 ||    33
  Eat: Chunk             |     6 |    11 |    14 |    44 |    12 |    15 |    12 |     9 |    22 ||   145
       Fruit             |       |       |     3 |       |    11 |       |     2 |       |    19 ||    35
       Beef jerky        |       |       |     1 |       |     5 |       |     3 |     2 |     9 ||    20
       Royal jelly       |       |       |     1 |       |     5 |     1 |     1 |     2 |     4 ||    14
       Bread ration      |       |       |     1 |       |       |     5 |     1 |     4 |    13 ||    24
       Pizza             |       |       |       |       |     1 |       |       |       |    16 ||    17
       Meat ration       |       |       |       |       |       |     2 |     2 |     3 |    22 ||    29
